 Dungeon Crawl Stone Soup version 0.15.2 (webtiles) character file.

12021 Heini the Basher (level 11, -3/104 HPs)
             Began as a Minotaur Fighter on Mar 3, 2015.
             Was a High Priest of Okawaru.
             Slain by Snorg (16 damage)
             ... on Level 1 of the Orcish Mines.
             The game lasted 00:26:49 (11371 turns).

Heini the Basher (Minotaur Fighter)                Turns: 11371, Time: 00:26:49

HP  -3/104       AC 19     Str 23      XL: 11   Next: 57%
MP   4/4         EV  5     Int  5      God: Okawaru [*****.]
Gold 521         SH  9     Dex 11      Spells:  0 memorised, 10 levels left

rFire  . . .     SeeInvis .     N - +2 morningstar (freeze)
rCold  . . .     Clarity  .     m - +0 plate armour
rNeg   . . .     rCorr    +     c - +0 shield
rPois  +         rRot     .     (helmet restricted)
rElec  .         Spirit   .     r - +0 cloak
SustAb .         Warding  .     (no gloves)
rMut   .         Stasis   .     n - +1 pair of boots
Gourm  .                        M - amulet of resist corrosion
MR     .....                    (no ring)
                                s - ring of poison resistance

@: not resistant to hostile enchantments, extremely unstealthy
A: retaliatory headbutt, horns 2
a: Heroism, Finesse, Renounce Religion


You were on level 1 of the Orcish Mines.
You worshipped Okawaru.
Okawaru was extremely pleased with you.
You were not hungry.

You visited 3 branches of the dungeon, and saw 14 of its levels.

You collected 521 gold pieces.

Inventory:

Hand weapons
 a - a +0 flail
 N - a +2 morningstar of freezing (weapon)
Armour
 c - a +0 shield (worn)
 m - a +0 plate armour (worn)
 n - a +1 pair of boots (worn)
 r - a +0 cloak (worn)
Magical devices
 w - a wand of slowing (5)
 y - a wand of slowing (7)
 B - a wand of magic darts (9)
 G - a wand of cold (7)
 I - a wand of slowing (12)
 K - a wand of teleportation (1)
 P - a wand of magic darts (8)
 Q - a wand of confusion (0)
 S - a wand of confusion (17)
Comestibles
 b - 3 beef jerkies
 d - 8 bread rations
 i - 5 meat rations
 A - a royal jelly
 C - 9 slices of pizza
 D - 3 fruits
 U - 2 chunks of orc flesh
Scrolls
 f - 6 scrolls of identify
 g - 6 scrolls of remove curse
 p - 3 scrolls of amnesia
 u - a scroll of blinking
 v - 5 scrolls of teleportation
 x - 2 scrolls of fog
 H - a scroll of magic mapping
 L - a scroll of recharging
 R - a scroll of vulnerability {unknown}
 T - a scroll of holy word {unknown}
Jewellery
 o - an uncursed ring of teleport control
 q - an uncursed ring of sustain abilities
 s - a ring of poison resistance (left hand)
 M - an amulet of resist corrosion (around neck)
Potions
 e - 2 potions of might
 h - a potion of cancellation
 j - 2 potions of cure mutation
 k - a potion of restore abilities
 l - 5 potions of curing
 z - a potion of confusion
 E - 3 potions of heal wounds
 F - a potion of flight
 J - a potion of haste
 O - a potion of berserk rage
Rods
 t - a +1 rod of the swarm (10/10)
   (You found it on level 5 of the Dungeon)


   Skills:
 * Level 12.2 Fighting
 * Level 13.6 Maces & Flails
 * Level 12.7 Armour
 - Level 3.6 Shields
 + Level 0.2 Evocations


You had 10 spell levels left.
You didn't know any spells.

Dungeon Overview and Level Annotations

Branches:
Dungeon (11/15)            Temple (1/1) D:7             Orc (2/4) D:11
   Lair (0/8) D:10

Altars:
Ashenzari
Cheibriados
Dithmenos
Elyvilon
Fedhas
Kikubaaqudgha
Makhleb
Nemelex Xobeh
Okawaru
Qazlal
Sif Muna
Trog
Vehumet
Xom
Yredelemnul
Zin
The Shining One

Shops:
D:7 %

Annotations:
Orc:1 Snorg


Innate Abilities, Weirdness & Mutations

You reflexively headbutt those who attack you in melee.
You have a pair of horns on your head.


Message History

Snorg is severely wounded.
Snorg goes berserk!
Snorg bites you!!
* * * LOW HITPOINT WARNING * * *
You block Snorg's attack. Snorg claws you.
* * * LOW HITPOINT WARNING * * *
You block Snorg's attack. Snorg barely misses you.
Snorg claws you but does no damage. Snorg bites you!
* * * LOW HITPOINT WARNING * * *
Snorg claws you.
* * * LOW HITPOINT WARNING * * *
Snorg claws you.
* * * LOW HITPOINT WARNING * * *
Drink which item? (? for menu, Esc to quit)
You feel much better. Snorg completely misses you. Snorg claws you!
* * * LOW HITPOINT WARNING * * *
You block Snorg's attack. Snorg barely misses you. Snorg claws you.
* * * LOW HITPOINT WARNING * * *
Snorg claws you!
You die...

##.......#.....#
#..........#.##
#.[...#.......##
###.....#........#
##.#..[..........####
#.................#.###
#...<.................##
#..)..............#....#
##....)...@............#
##........T...........##
#...#.....>......>...##
##.#.................##
#...................#.##
#...........#..........#
##....................##
#....#...............##
##...##.#.....#.##...#


You could see Snorg (berserk).

Vanquished Creatures
  The ghost of SaintRoka the Grappler, an experienced CeTm of Cheibriados (D:10)
  A hydra (D:11)
  A centaur warrior (D:11)
  The ghost of ImaNewbie the Spear-Bearer, an experienced MfBe of Trog (D:9)
  Pikel (D:7)
  A hill giant (D:11)
  A cyclops (D:11)
  The ghost of Chaositek the Traitor, an average MiDK of Yredelemnul (D:3)
  A two-headed ogre (D:11)
  A spriggan (D:8)
  A steam dragon (D:11)
  A deep elf mage (D:10)
  A hill giant skeleton (D:8)
  Menkaure (D:6)
  A water moccasin (D:9)
  An ice beast (D:6)
  7 orc warriors
  3 ogres
  14 centaurs
  A sky beast (D:6)
  3 phantoms
  Sigmund (D:6)
  Duvessa (D:6)
  8 giant frogs
  2 big kobolds
  A water moccasin zombie (D:6)
  A yak zombie (D:9)
  17 killer bees
  3 scorpions
  A hippogriff zombie (D:6)
  16 wights
  A giant frog zombie (D:7)
  2 goliath beetles
  Dowan (D:6)
  4 crimson imps
  4 jellies
  8 orc priests
  A soldier ant zombie (D:7)
  Crazy Yiuf (D:7)
  A gnoll shaman (D:7)
  7 hounds
  3 worker ants
  15 orc wizards
  Natasha (thrice) (D:6)
  An iguana (D:5)
  4 sheep (D:11)
  3 killer bee zombies (D:7)
  An ogre skeleton (D:6)
  A hound skeleton (D:9)
  8 adders
  17 gnolls
  7 shadow imps
  2 giant mites (D:2)
  3 worms
  An iguana skeleton (D:8)
  5 giant geckos
  58 orcs
  15 bats
  2 bat zombies
  6 giant cockroaches
  16 hobgoblins
  4 jackals (D:1)
  22 kobolds
  3 quokkas
  A giant gecko skeleton (D:4)
  2 giant newts
  17 goblins
  A goblin skeleton (D:5)
  A hobgoblin skeleton (D:6)
  2 hobgoblin zombies
  A jackal zombie (D:5)
  13 rats
  3 rat skeletons
  A rat zombie (D:7)
367 creatures vanquished.

Notes
Turn   | Place    | Note
--------------------------------------------------------------
     0 | D:1      | Heini, the Minotaur Fighter, began the quest for the Orb.
     0 | D:1      | Reached XP level 1. HP: 19/19 MP: 1/1
   305 | D:1      | Reached XP level 2. HP: 27/27 MP: 1/1
   351 | D:1      | Reached skill level 4 in Fighting
   700 | D:2      | Reached XP level 3. HP: 31/34 MP: 2/2
   746 | D:2      | Reached XP level 4. HP: 21/41 MP: 2/2
  1005 | D:2      | Reached skill level 5 in Fighting
  1457 | D:2      | Reached skill level 5 in Armour
  1546 | D:3      | Reached XP level 5. HP: 40/48 MP: 2/2
  1724 | D:3      | Noticed Chaositek's ghost (average MiDK)
  1740 | D:3      | Killed Chaositek's ghost
  1740 | D:3      | Reached skill level 6 in Armour
  1740 | D:3      | Reached XP level 6. HP: 28/57 MP: 3/3
  2095 | D:3      | Reached skill level 5 in Maces & Flails
  2382 | D:3      | Reached XP level 7. HP: 63/63 MP: 3/3
  3156 | D:4      | Reached skill level 7 in Armour
  3646 | D:5      | Entered Level 5 of the Dungeon
  3681 | D:5      | Reached XP level 8. HP: 64/73 MP: 3/3
  3916 | D:5      | Reached skill level 8 in Armour
  4191 | D:6      | Noticed Natasha
  4197 | D:6      | Killed Natasha
  4218 | D:6      | Found a shadowy altar of Dithmenos.
  4301 | D:6      | Noticed Duvessa
  4301 | D:6      | Noticed Dowan
  4308 | D:6      | Killed Duvessa
  4315 | D:6      | Killed Dowan
  4651 | D:6      | Noticed Sigmund
  4733 | D:6      | Noticed Natasha
  4735 | D:6      | Killed Natasha
  4854 | D:6      | Noticed Natasha
  4857 | D:6      | Killed Natasha
  4914 | D:6      | Noticed Menkaure
  4926 | D:6      | HP: 3/74 [Menkaure/nerve-wracking pain (7)]
  5242 | D:7      | Reached skill level 9 in Armour
  5426 | D:7      | Noticed Crazy Yiuf
  5430 | D:7      | Killed Crazy Yiuf
  5510 | D:7      | Reached XP level 9. HP: 56/82 MP: 4/4
  5649 | D:7      | Noticed Pikel
  5662 | D:7      | Killed Pikel
  5710 | D:7      | Found a staircase to the Ecumenical Temple.
  5720 | Temple   | Entered the Ecumenical Temple
  5824 | Temple   | Became a worshipper of Warmaster Okawaru
  5903 | D:7      | Found Hiashaup's Food Shoppe.
  5987 | D:7      | Reached skill level 10 in Armour
  6189 | D:6      | Killed Menkaure
  6189 | D:6      | Reached skill level 10 in Maces & Flails
  6283 | D:6      | Killed Sigmund
  6430 | D:8      | Acquired Okawaru's first power
  6596 | D:8      | Reached skill level 10 in Fighting
  6971 | D:8      | Reached XP level 10. HP: 61/93 MP: 4/4
  7824 | D:9      | Noticed ImaNewbie's ghost (experienced MfBe)
  7847 | D:9      | Killed ImaNewbie's ghost
  7847 | D:9      | Reached skill level 11 in Maces & Flails
  8779 | D:10     | Entered Level 10 of the Dungeon
  8779 | D:10     | Found a staircase to the Lair.
  9414 | D:10     | Noticed SaintRoka's ghost (experienced CeTm)
  9431 | D:10     | Killed SaintRoka's ghost
  9431 | D:10     | Reached skill level 12 in Maces & Flails
  9623 | D:11     | Reached XP level 11. HP: 37/103 MP: 4/4
  9837 | D:11     | Noticed a centaur warrior
  9850 | D:11     | Killed a centaur warrior
 10124 | D:11     | Noticed a hill giant
 10135 | D:11     | Killed a hill giant
 10147 | D:11     | Noticed a cyclops
 10152 | D:11     | Killed a cyclops
 10152 | D:11     | Reached skill level 13 in Maces & Flails
 10166 | D:11     | Noticed a six-headed hydra
 10174 | D:11     | Killed a six-headed hydra
 10174 | D:11     | Acquired Okawaru's second power
 10345 | D:11     | Found a staircase to the Orcish Mines.
 11171 | Orc:1    | Entered Level 1 of the Orcish Mines
 11354 | Orc:2    | Noticed Snorg
 11371 | Orc:1    | Slain by Snorg

Action                   |  1- 3 |  4- 6 |  7- 9 | 10-12 || total
-------------------------+-------+-------+-------+-------++-------
Melee: Flail             |    74 |   125 |   531 |   408 ||  1138
       Morningstar       |       |       |       |   124 ||   124
Evoke: Wand              |       |       |     1 |     2 ||     3
  Use: Scroll            |     4 |       |    12 |     6 ||    22
       Potion            |       |       |       |     1 ||     1
  Eat: Chunk             |       |     5 |    15 |    14 ||    34
       Fruit             |       |       |       |     1 ||     1
